 Dungeon Crawl Stone Soup version 0.18-b1-14-g029dad2 (webtiles) character file.

137 6a6kaBkacke the Skirmisher (level 5, -9/47 HPs)
             Began as a Minotaur Berserker on Apr 30, 2016.
             Was a Priest of Trog.
             Killed by divine providence
             ... invoked by an orc priest
              (10 damage)
             ... on level 3 of the Dungeon.
             The game lasted 00:08:24 (1835 turns).

6a6kaBkacke the Skirmisher (Minotaur Berserker)     Turns: 1835, Time: 00:08:25

Health: -9/47      AC:  7    Str: 23    XL:     5   Next: 0%
Magic:  4/4        EV: 11    Int:  4    God:    Trog [***...]
Gold:   158        SH:  0    Dex: 12    Spells: 0 memorised, 4 levels left

rFire  . . .     SeeInvis .     a - +0 spear
rCold  . . .     Gourm    .     m - +0 scale mail
rNeg   . . .     Faith    .     (no shield)
rPois  .         Spirit   .     (helmet restricted)
rElec  .         Dismiss  .     e - +0 cloak
rCorr  .         Reflect  .     (no gloves)
SustAt .         Harm     .     (no boots)
MR     .....                    (no amulet)
Stlth  ..........               (no ring)
                                f - +3 ring of dexterity

@: very slightly contaminated, not resistant to hostile enchantments, extremely
unstealthy
A: retaliatory headbutt, horns 2
a: Berserk, Trog's Hand, Burn Spellbooks, Renounce Religion


You were on level 3 of the Dungeon.
You worshipped Trog.
Trog was most pleased with you.
You were hungry.

You visited 1 branch of the dungeon, and saw 3 of its levels.

You collected 158 gold pieces.

Inventory:

Hand Weapons
 a - a +0 spear (weapon)
Armour
 e - a +0 cloak (worn)
 m - a +0 scale mail (worn)
Jewellery
 f - a +3 ring of dexterity (left hand)
Potions
 g - a potion of curing
 i - a potion of lignification {unknown}
Comestibles
 c - a bread ration
 h - a chunk of flesh
 k - a meat ration
 l - 2 beef jerkies


   Skills:
 * Level 4.6 Fighting
 * Level 4.4 Polearms
 * Level 3.0 Armour
 * Level 4.1 Dodging
 + Level 0.1 Stealth


You had 4 spell levels left.
You didn't know any spells.

Dungeon Overview and Level Annotations

Branches:
Dungeon (3/15)

Altars:


Innate Abilities, Weirdness & Mutations

You reflexively headbutt those who attack you in melee.
You have a pair of horns on your head.


Message History

You puncture the orc priest! Your headbutt misses the orc priest.
The orc priest is severely wounded.
The orc priest hits you with a mace.
* * * LOW HITPOINT WARNING * * *
The orc priest casts a cantrip, but nothing happens.
You hit the orc priest. Your headbutt misses the orc priest.
The orc priest is almost dead.
The orc priest mumbles some strange prayers to Beogh against you.
You barely resist.
The orc priest hits you from afar with a trident.
* * * LOW HITPOINT WARNING * * *
You hit the orc priest.
You kill the orc priest!
Trog accepts your kill.
Your Dodging skill increases to level 4!
You have reached level 5!
The orc priest miscasts a cantrip.
The orc priest calls down the wrath of Beogh upon you.
Beogh smites you!
You die...

.g %### ....##
###.$..### ##........##
#.......#..##
#....#......#
###########!..#...#....#
.......@.g).............
###########o......#.#.#.
#..#.....#......
....#....#......ยง
#.#.##...#.....#.. . ..
#..#.....#... ###
#.#^......... #.
.......... ## ##.##.##


You could see an orc priest and a hobgoblin.

Vanquished Creatures
  An orc priest (D:3)
  3 adders (D:3)
  A worm (D:2)
  3 dart slugs (D:1)
  3 giant geckos
  2 orcs (D:3)
  8 bats
  6 goblins
  4 hobgoblins
  7 jackals
  3 giant newts
  9 kobolds
  21 rats
71 creatures vanquished.

Vanquished Creatures (others)
  A giant cockroach (D:2)
  A giant newt (D:2)
2 creatures vanquished.

Grand Total: 73 creatures vanquished

Notes
Turn   | Place    | Note
--------------------------------------------------------------
     0 | D:1      | 6a6kaBkacke the Minotaur Berserker began the quest for the Orb.
     0 | D:1      | Reached XP level 1. HP: 19/19 MP: 0/0
   183 | D:1      | Reached XP level 2. HP: 17/27 MP: 1/1
   501 | D:1      | Reached ** piety under Trog
   604 | D:1      | Reached XP level 3. HP: 33/33 MP: 2/2
  1194 | D:2      | Reached *** piety under Trog
  1426 | D:2      | Reached XP level 4. HP: 32/41 MP: 3/3
  1832 | D:3      | HP: 1/41 [orc priest/trident (4)]
  1833 | D:3      | Reached XP level 5. HP: 1/47 MP: 4/4
  1835 | D:3      | Killed from afar by an orc priest

Skill      XL: |  1  2  3  4 |
---------------+-------------+-----
Fighting       | 4 |  4.6
Polearms       | 4 |  4.4
Dodging        | 3 4 |  4.1
Armour         | 3 |  3.0
Stealth        | |  0.1

Action                   |  1- 3 |  4- 6 || total
-------------------------+-------+-------++-------
Melee: Spear             |   115 |    43 ||   158
       Headbutt          |    25 |     7 ||    32
  Use: Scroll            |     4 |     2 ||     6
       Potion            |       |     1 ||     1
  Eat: Chunk             |     1 |     1 ||     2
Armor: Animal skin       |    21 |       ||    21
       Scale mail        |     8 |     9 ||    17
Dodge: Dodged            |    98 |    23 ||   121
